AoeStats
← VLC | _Sr Mike_

Coastal Forest

510442691Analyzed
4v4 RM · 2d ago on Oct 1, 2026· 20m 3s· 8 players
Game mode
Random Map
Map size
Large (8 player)
Population
200
Speed
Normal
Resources
Standard
Victory
Conquest
Starting age
Dark Age
Ending age
Imperial Age
RankedLock teamsTeams togetherTeam positionsShared explorationLock speedFull tech treeHidden civsTurbo modeCheats
Victory
Defeat
🇺🇸 Persians · United States
1663
+11
🇵🇹 Spanish · Portugal
1641
+12
🇺🇸 Lithuanians · United States
1516
+17
🇺🇸 Hindustanis · United States
1404
+20
🇨🇴 Portuguese · Colombia
1569
-16
🇨🇴 Bohemians · Colombia
1564
-16
🇨🇴 Bulgarians · Colombia
1527
-15
🇨🇴 Burgundians · Colombia
1492
-13
The Daunting Knight
0:25 Loom
0:57 Loom
10:32 Feudal Age
15:48 Fletching
16:38 Padded Archer Armor
Thundernips, The Ultimate Gigolo
11:25 Feudal Age
15:11 Castle Age
13:19 Double-Bit Axe
15:42 Bloodlines
15:58 Scale Barding Armor
15:50 Gold Mining
16:14 Husbandry
16:21 Horse Collar
16:52 Bow Saw
PorT_Strat
8:34 Feudal Age
8:17 Loom
9:06 Double-Bit Axe
10:54 Horse Collar
14:45 Wheelbarrow
16:53 Scale Barding Armor
21:26 Castle Age
20:10 Bloodlines
19:54 Gold Mining
Savitar_pt
8:06 Loom
10:43 Feudal Age
15:11 Fishing Lines
15:40 Double-Bit Axe
18:01 Fletching
21:32 Castle Age
VLC | GCuello
9:48 Loom
11:34 Feudal Age
12:37 Double-Bit Axe
17:11 Castle Age
16:23 Fletching
18:16 Medium Warships
18:42 Bodkin Arrow
VLC | Tithen
10:58 Feudal Age
11:42 Double-Bit Axe
14:15 Forging
15:54 Loom
16:52 Horse Collar
20:47 Castle Age
VLC | SnowBall
5:55 Double-Bit Axe
6:45 Loom
9:11 Feudal Age
10:11 Bow Saw
9:45 Horse Collar
15:28 Scale Barding Armor
17:07 Forging
16:59 Gold Mining
17:18 Heavy Plow
VLC | _Sr Mike_
5:11 Loom
10:14 Feudal Age
11:30 Double-Bit Axe
16:53 Fletching
Connection lost

Rejoining the realm…

Still unreachable

The connection could not be restored.

Session expired

The server has moved on; the page needs a fresh start.